 Dungeon Crawl Stone Soup version 0.22-b1-59-g0aedee7 (webtiles) character file.

397085 poirepourri the Warrior (level 22, -6/224 HPs)
             Began as a Deep Dwarf Fighter on Aug 9, 2018.
             Was the Champion of Makhleb.
             Killed by divine providence
             ... invoked by a sphinx
              (8 damage)
             ... on level 2 of the Depths.
             The game lasted 01:08:06 (38773 turns).

poirepourri the Warrior (Deep Dwarf Fighter)       Turns: 38773, Time: 01:08:08

Health: -6/224     AC: 19    Str: 29    XL:     22   Next: 20%
Magic:  0/23       EV: 26    Int: 11    God:    Makhleb [******]
Gold:   930        SH: 22    Dex: 27    Spells: 33/35 levels left

rFire    + + .     SeeInvis +   a - +6 war axe (venom)
rCold    + . .     Gourm    .   c - +5 shield
rNeg     + . .     Faith    .   E - +1 chain mail "Paowkuwn" {rF+ Dex+4 Slay+2}
rPois    .         Spirit   +   x - +2 helmet {SInv}
rElec    .         Reflect  .   S - scarf {rC+ rF+}
rCorr    .         Harm     .   F - +2 pair of gloves {Str+3}
MR       +++..                  (no boots)
Stlth    ..........             X - amulet of guardian spirit
HPRegen  0.00/turn              M - +4 ring of dexterity
MPRegen  0.18/turn              o - +5 ring of strength

@: non-regenerating
A: damage resistance, heal wounds, deterioration 1, negative energy resistance
1, sense surroundings 3, no regeneration
}: 2/15 runes: decaying, gossamer
a: Heal Wounds, Minor Destruction, Lesser Servant of Makhleb, Major Destruction,
Greater Servant of Makhleb, Renounce Religion


You were on level 2 of the Depths.
You worshipped Makhleb.
Makhleb was exalted by your worship.
You were not hungry.

You visited 9 branches of the dungeon, and saw 41 of its levels.
You visited the Abyss 1 time.
You also visited: Sewer.

You collected 4115 gold pieces.
You spent 3185 gold pieces at shops.

Inventory:

Hand Weapons
 a - a +6 war axe of venom (weapon)
 b - a +0 hand crossbow
 R - a +4 flail of crushing
Missiles
 l - 6 throwing nets (quivered)
 s - 1143 bolts
 v - 31 tomahawks
 C - 23 javelins
Armour
 c - a +5 shield (worn)
 x - a +2 helmet of see invisible (worn)
 D - the +5 ring mail "Ezubug" {rCorr}
   (You found it on level 10 of the Dungeon)

   It provides partial protection from all sources of acid and corrosion.
 E - the +1 chain mail "Paowkuwn" (worn) {rF+ Dex+4 Slay+2}
   (You bought it in a shop on level 10 of the Dungeon)

   It affects your dexterity (+4).
   It affects your accuracy and damage with ranged weapons and melee attacks
   (+2).
   It protects you from fire.
 F - a +2 pair of gloves of strength (worn)
 S - a scarf of resistance (worn)
Jewellery
 d - an uncursed ring of protection from magic
 e - an uncursed ring of protection from cold
 o - a +5 ring of strength (right hand)
 t - an uncursed ring of ice
 u - an uncursed amulet of the gourmand
 w - an uncursed ring of see invisible
 A - an uncursed ring of poison resistance
 K - an uncursed ring of protection from fire
 M - a +4 ring of dexterity (left hand)
 O - an uncursed ring of flight
 U - an uncursed ring of resist corrosion
 X - an amulet of guardian spirit (around neck)
Wands
 y - a wand of acid (6)
 z - a wand of random effects (28)
 B - a wand of polymorph (26)
 G - a wand of paralysis (32)
 J - a wand of flame (50)
 L - a wand of enslavement (11)
 N - a wand of digging (19)
 W - a wand of disintegration (18)
Scrolls
 g - a scroll of summoning
 n - 4 scrolls of blinking
 q - 12 scrolls of teleportation
 r - 4 scrolls of magic mapping
 I - a scroll of fear
 P - 6 scrolls of identify
 T - 16 scrolls of remove curse
 V - a scroll of holy word
Potions
 h - 7 potions of flight
 i - 4 potions of magic
 j - 5 potions of lignification
 k - 8 potions of haste
 m - 13 potions of curing
 p - 2 potions of cancellation
 Q - a potion of might
Miscellaneous
 H - 3 phantom mirrors
Comestibles
 f - 41 rations


   Skills:
 + Level 19.1 Fighting
 - Level 18.0 Axes
 - Level 0.7(11.3) Maces & Flails
 - Level 10.0 Crossbows
 - Level 9.1 Armour
 - Level 18.1 Dodging
 - Level 16.1 Shields
 - Level 7.0 Spellcasting
 - Level 9.2 Translocations
 - Level 15.2 Invocations
 - Level 8.2 Evocations


You had 33 spell levels left.
You knew the following spells:

 Your Spells              Type           Power        Failure   Level  Hunger
a - Blink                 Tloc           N/A          2%          2    ##.....

Your spell library contained the following spells:

 Spells                   Type           Power        Failure   Level  Hunger
 Magic Dart               Conj           #...         58%         1    None
 Conjure Flame            Conj/Fire      #.......     91%         3    ###....
 Bolt of Magma            Conj/Fire/Erth #.........   100%        5    ######.
 Slow                     Hex            #.......     73%         2    ##.....
 Confuse                  Hex            #.......     91%         3    ###....
 Mephitic Cloud           Conj/Pois/Air  #.......     91%         3    ###....
 Teleport Other           Tloc           ###.....     4%          3    ###....
 Call Imp                 Summ           #.......     73%         2    ##.....
 Tukima's Dance           Hex            #.......     91%         3    ###....
 Iron Shot                Conj/Erth      #.........   100%        6    #######
 Spider Form              Tmut/Pois      #.........   91%         3    ###....
 Blade Hands              Tmut           #.........   100%        5    ######.
 Statue Form              Tmut/Erth      #........    100%        6    #######
 Ice Form                 Ice/Tmut       #.......     100%        4    ####...
 Confusing Touch          Hex            #.....       58%         1    None
 Sticks to Snakes         Tmut           #.......     73%         2    ##.....
 Ensorcelled Hibernation  Hex/Ice        #.....       73%         2    ##.....
 Metabolic Englaciation   Hex/Ice        #.........   100%        5    ######.
 Shatter                  Erth           #.........   100%        9    #######
 Corona                   Hex            #......      58%         1    None
 Petrify                  Tmut/Erth      #.......     100%        4    ####...
 Passage of Golubria      Tloc           N/A          16%         4    ####...
 Leda's Liquefaction      Hex/Erth       #.........   100%        4    ####...
 Shroud of Golubria       Chrm/Tloc      ##........   17%         2    ##.....
 Beastly Appendage        Tmut           #.....       58%         1    None
 Dazzling Spray           Conj/Hex       #.....       91%         3    ###....
 Gell's Gravitas          Tloc           ###.......   4%          3    ###....
 Yara's Violent Unravell  Hex/Tmut       #.........   100%        5    ######.
 Lesser Beckoning         Tloc           ###.......   4%          3    ###....


Dungeon Overview and Level Annotations

Branches:
Dungeon (15/15)            Temple (1/1) D:6            Lair (6/6) D:9
  Swamp (4/4) Lair:4       Spider (4/4) Lair:2        Slime (0/5) Lair:6
    Orc (2/2) D:11            Elf (3/3) Orc:2        Vaults (4/5) D:13
  Crypt (0/3) Vaults:2     Depths (2/5) D:15

Altars:
Ashenzari
Cheibriados
Dithmenos
Elyvilon
Fedhas
Gozag
Hepliaklqana
Kikubaaqudgha
Makhleb
Nemelex Xobeh
Okawaru
Qazlal
Ru
Sif Muna
Trog
Uskayaw
Vehumet
Wu Jian
Xom
Yredelemnul
Zin
The Shining One
Beogh
Jiyva

Shops:
D:10 [   D:13 (   D:15 !   Orc:1 [   Orc:2 [::?   Elf:2 :=}=   Elf:3 !

Portals:
Hell: Depths:1

Annotations:
D:3 2 transporters, dracos369's ghost, amateur DsWz
D:11 Sonja
Depths:1 3 runed doors
Depths:2 the Enchantress


Innate Abilities, Weirdness & Mutations

You are resistant to damage.
You can heal yourself by infusing magical energy.
You resist negative energy. (rN+)
You passively map a large area around you.
You do not regenerate.
Your body sometimes deteriorates upon taking damage.


Message History

The spriggan defender looks as sick as possible!
You hit the death yak.
The death yak looks as sick as possible!
You hit the fire dragon.
You block the spriggan defender's attack.
The spriggan berserker rages.
The spriggan defender barely misses you.
The death yak gores you!!
* * * LOW HITPOINT WARNING * * *
The fire dragon breathes flames at you. The blast of flame misses you. x2
Unknown command.
You block the spriggan defender's attack.
The spriggan defender hits you with a flail of holy wrath!!
* * * LOW HITPOINT WARNING * * *
You block the death yak's attack.
The spriggan defender hits you but does no damage.
The sphinx mumbles some strange words.
Something smites you!
You die... #. .+, ,*, , , , * #. .# ,, ** #####.,.##### * ,,* * #..... .....# * , ≈....i#....[* , * , * .iiiHi. *, , * * , #iii#* , , ,,, ,,,* #iYD#

,, , ,
,
#i@.#,
, , ,
,#.[.#
, ,, *
* * *
#####
* * ,
* *,,,
, , ,
, , ,
,*, *
, * ,
,, ,,
, * *
, * ,,
,, , ,
, , *
* *, ,
, ,* *


You could see the Enchantress, a fire dragon, a sphinx, a death yak (berserk), 3
spriggan defenders, a spriggan rider, a spriggan berserker (berserk), a spriggan
air mage and 3 spriggans.

Vanquished Creatures
  Mennas (Vaults:3)
  the Lernaean hydra (Swamp:4)
  Xtahua (Vaults:4)
  Jory (Vaults:3)
  The ghost of Kihot the Unseen, an adept OpAs of Gozag (Vaults:2)
  A Brimstone Fiend (Depths:1)
  2 liches (Vaults:2)
  Asterion (Spider:1)
  A tentacled monstrosity (Vaults:3)
  An Ice Fiend (Depths:1)
  2 deep elf blademasters (Elf:3)
  Agnes (Elf:2)
  Frances (Swamp:1)
  3 thorn hunters (Swamp:4)
  A storm dragon (Vaults:4)
  3 tengu reavers
  Roxanne (Swamp:1)
  2 fire giants
  7 deep elf sorcerers
  9 vault wardens
  3 ghost moths
  3 balrugs (Depths:1)
  5 frost giants
  7 emperor scorpions
  9 very ugly things
  19 ironheart preservers
  A war gargoyle (Vaults:3)
  2 deep elf demonologists
  3 stone giants
  6 entropy weavers
  A deep elf annihilator (Vaults:4)
  4 spark wasps
  Snorg (D:11)
  3 ettins
  3 deep elf death magi (Elf:3)
  2 blizzard demons (Depths:1)
  3 fire dragons
  10 ogre magi
  Harold (Lair:1)
  4 deep elf high priests (Elf:3)
  8 yaktaur captains
  4 great orbs of eyes
  3 vault guards
  3 ice dragons (Vaults:1)
  3 rakshasas
  Fannar (D:12)
  27 hydras
  A ghost crab (Swamp:3)
  Erica (D:9)
  8 centaur warriors
  4 spectral humans (Vaults:2)
  A two-headed ogre (shapeshifter) (Elf:3)
  37 dancing weapons
  12 alligators
  3 death knights
  24 two-headed ogres
  3 deep troll shamans (Vaults:2)
  5 death yaks
  A thrashing horror (Abyss:3)
  A vampire mage (Vaults:2)
  A small abomination (Elf:3)
  A hell knight (Elf:2)
  Urug (D:12)
  20 deep elf knights
  8 sun demons (Depths:1)
  2 spectral elves (Vaults:2)
  A sixfirhy (Abyss:3)
  2 shadow wraiths (Vaults:4)
  12 deep trolls
  11 swamp dragons
  7 skeletal warriors
  8 unseen horrors
  A spriggan druid (Swamp:2)
  A deep troll (shapeshifter) (Vaults:1)
  3 harpies (Vaults:1)
  A flayed ghost (Vaults:2)
  2 shambling mangroves (Swamp:1)
  2 phantasmal warriors
  18 deep elf archers
  9 orc knights
  4 wizards
  A harpy (shapeshifter) (Elf:1)
  Pikel (D:7)
  57 ugly things
  15 ironbrand convokers
  An orb spider (shapeshifter) (D:15)
  66 deep elf magi
  A cyclops (shapeshifter) (Depths:2)
  17 orb spiders
  14 orc sorcerers
  28 wolf spiders
  A worldbinder (Abyss:3)
  11 cyclopes
  3 elephants (Lair:3)
  A salamander (D:15)
  2 moths of wrath
  A manticore (D:13)
  8 vault sentinels
  A naga mage (Depths:2)
  Psyche (D:8)
  A black mamba (Lair:3)
  4 torpor snails
  17 spiny frogs
  A gargoyle (D:14)
  A spiny frog (shapeshifter) (Vaults:2)
  13 demonic crawlers
  A yaktaur (shapeshifter) (Vaults:3)
  An efreet (D:15)
  7 ice devils
  6 freezing wraiths
  10 komodo dragons
  A rime drake (Lair:4)
  39 yaktaurs
  20 jumping spiders
  A tormentor (Abyss:3)
  A hellwing (Abyss:3)
  2 meliai (shapeshifter)
  4 trolls
  A merfolk (D:10)
  A hornet (shapeshifter) (Vaults:4)
  6 polar bears
  A tengu simulacrum (Vaults:2)
  Grinder (D:5)
  15 tyrant leeches
  8 dream sheep
  13 hornets
  31 slime creatures
  19 bog bodies
  8 hippogriffs
  A hippogriff (shapeshifter) (Vaults:2)
  27 blink frogs
  Sigmund (D:4)
  A frost giant simulacrum (Vaults:2)
  3 vampires (Vaults:2)
  89 redbacks
  A spriggan (shapeshifter) (Elf:2)
  A tarantella (shapeshifter) (Vaults:4)
  44 tarantellas
  4 starcursed masses (Abyss:3)
  4 air elementals
  11 spriggans
  2 shadows
  A yak (shapeshifter) (Vaults:2)
  A fire bat (shapeshifter) (D:14)
  6 wraiths
  31 yaks
  A human (shapeshifter) (D:13)
  A golden eye (shapeshifter) (Vaults:3)
  3 fire elementals
  2 basilisks
  2 hungry ghosts
  3 human simulacra (Vaults:2)
  13 swamp worms
  13 vampire mosquitoes
  A neqoxec (Vaults:2)
  2 yaktaur simulacra
  18 insubstantial wisps
  A soldier ant (D:13)
  5 wargs
  Duvessa (D:5)
  2 acid dragons
  10 porcupines
  A slave (D:7)
  26 orc warriors
  5 water moccasins
  4 black bears
  13 swamp drakes
  7 ice beasts
  A phantom (D:10)
  2 sky beasts
  29 wolves
  An eye of draining (shapeshifter) (Vaults:1)
  2 necrophages
  27 ogres
  5 boggarts (Lair:6)
  5 centaurs
  8 crocodiles
  7 big kobolds
  4 gnoll sergeants
  17 bullfrogs
  A glowing shapeshifter simulacrum (Vaults:2)
  3 earth elementals
  4 scorpions
  Dowan (D:5)
  2 wyvern skeletons
  3 killer bees (D:12)
  11 wights
  4 electric eels
  A howler monkey (D:4)
  5 crimson imps
  4 centaur zombies
  3 bullfrog zombies
  A quasit (Abyss:3)
  6 hounds
  6 jellies
  15 orc priests
  6 centaur skeletons
  An iguana (D:8)
  35 orc wizards
  3 bullfrog skeletons
  9 worker ants
  A hound zombie (D:8)
  15 gnolls
  11 adders
  5 shadow imps
  An adder skeleton (D:9)
  3 oozes
  An adder zombie (D:6)
  9 leopard geckos
  85 orcs
  A ball python (Sewer)
  6 giant cockroaches
  9 goblins
  10 hobgoblins
  6 jackals
  5 quokkas
  15 bats
  5 frilled lizards
  A jackal zombie (D:5)
  18 kobolds
  13 rats
  3 briar patches (Swamp:4)
  2 crawling corpses (Elf:3)
  5 fungi
  3 plants (Elf:3)
1687 creatures vanquished.

Vanquished Creatures (collateral kills)
  2 orb spiders
  3 deep elf magi (Elf:1)
  A redback (Spider:1)
6 creatures vanquished.

Vanquished Creatures (others)
  A deep elf elementalist (Elf:3)
  An entropy weaver (Vaults:4)
  A deep elf knight (Vaults:4)
  A wolf spider (Spider:1)
  An insubstantial wisp (Swamp:3)
  A swamp worm (Swamp:3)
  2 swamp drakes
  A scorpion (D:9)
  5 orc wizards
  A hound skeleton (D:9)
  2 orcs (Orc:1)
  A bush (Swamp:4)
  14 fungi
  7 plants
39 creatures vanquished.

Grand Total: 1732 creatures vanquished

Notes
Turn   | Place    | Note
-------+----------+-------------------------------------------
     0 | D:1      | poirepourri the Deep Dwarf Fighter began the quest for the Orb.
     0 | D:1      | Reached XP level 1. HP: 20/20 MP: 1/1
    90 | D:1      | Reached XP level 2. HP: 22/27 MP: 2/2
   836 | D:2      | Reached XP level 3. HP: 21/33 MP: 3/3
  1005 | D:2      | Found a shadowy altar of Dithmenos.
  1390 | D:2      | Reached XP level 4. HP: 21/40 MP: 4/4
  1892 | D:3      | Reached skill level 5 in Axes
  1926 | D:3      | Reached XP level 5. HP: 37/46 MP: 5/5
  2020 | D:3      | Found a transporter.
  2026 | D:3      | Noticed dracos369's ghost (amateur DsWz)
  2120 | D:3      | HP: 1/46 [orc priest/nerve-wracking pain (11)]
  2162 | D:3      | Found a transporter.
  2635 | D:4      | Reached XP level 6. HP: 23/55 MP: 5/5
  2642 | D:4      | Found an opulent altar of Gozag.
  2663 | D:4      | Noticed Sigmund
  2712 | D:4      | Killed Sigmund
  2926 | D:4      | Reached XP level 7. HP: 24/61 MP: 6/6
  3464 | D:5      | Entered Level 5 of the Dungeon
  3464 | D:5      | Noticed Dowan
  3465 | D:5      | Noticed Duvessa
  3471 | D:5      | Killed Dowan
  3479 | D:5      | Killed Duvessa
  3714 | D:5      | Noticed Grinder
  3779 | D:5      | Paralysed by Grinder for 6 turns
  3786 | D:5      | Killed Grinder
  3786 | D:5      | Reached skill level 10 in Axes
  3786 | D:5      | Reached XP level 8. HP: 42/68 MP: 7/7
  4178 | D:5      | Found a shattered altar of Ashenzari.
  4178 | D:5      | Found a bloodstained altar of Trog.
  4321 | D:6      | Found an iron altar of Okawaru.
  4322 | D:6      | Found a glowing drain.
  4379 | D:6      | Found a white marble altar of Elyvilon.
  4409 | Sewer    | Entered a sewer
  4745 | D:6      | Found a staircase to the Ecumenical Temple.
  4811 | Temple   | Entered the Ecumenical Temple
  5014 | Temple   | Became a worshipper of Makhleb the Destroyer
  5143 | D:6      | Reached skill level 3 in Fighting
  5302 | D:7      | Reached skill level 4 in Fighting
  5305 | D:7      | Gained mutation: You passively map the area around you. [Deep Dwarf growth]
  5305 | D:7      | Reached XP level 9. HP: 25/78 MP: 7/7
  5420 | D:7      | Reached skill level 5 in Fighting
  5542 | D:7      | Noticed Pikel
  5566 | D:7      | Killed Pikel
  5566 | D:7      | Reached skill level 6 in Fighting
  5676 | D:7      | Reached skill level 7 in Fighting
  5973 | D:8      | Found a blossoming altar of Fedhas.
  5992 | D:8      | Noticed Psyche
  5999 | D:8      | Killed Psyche
  5999 | D:8      | Reached skill level 8 in Fighting
  6171 | D:8      | Noticed a two-headed ogre
  6176 | D:8      | Killed a two-headed ogre
  6176 | D:8      | Reached * piety under Makhleb
  6176 | D:8      | Reached skill level 5 in Shields
  6176 | D:8      | Reached XP level 10. HP: 42/96 MP: 7/7
  6340 | D:9      | Noticed Erica
  6354 | D:9      | Killed Erica
  6539 | D:9      | Found an opulent altar of Gozag.
  6678 | D:9      | Found a shimmering altar of Xom.
  6729 | D:9      | Found a staircase to the Lair.
  6864 | D:10     | Entered Level 10 of the Dungeon
  6873 | D:10     | Reached ** piety under Makhleb
  6887 | D:10     | Got an ancient ring mail
  6921 | D:10     | Reached skill level 10 in Shields
  7012 | D:10     | Found Uskofad's Antique Armour Shop.
  7015 | D:10     | Bought a faintly glowing chain mail for 199 gold pieces
  7015 | D:10     | Bought a pair of runed gloves for 157 gold pieces
  7150 | D:10     | Found a deep blue altar of Sif Muna.
  7510 | D:10     | Reached XP level 11. HP: 78/103 MP: 8/8
  7622 | D:11     | Reached *** piety under Makhleb
  7655 | D:11     | Noticed Snorg
  7670 | D:11     | Killed Snorg
  7696 | D:11     | Found a sacrificial altar of Ru.
  7814 | D:11     | Found a sacrificial altar of Ru.
  7927 | D:11     | Noticed Sonja
  7927 | D:11     | Noticed a brown ugly thing
  7936 | D:11     | Killed a brown ugly thing
  7955 | D:11     | Found a staircase to the Orcish Mines.
  8100 | D:11     | Killed an unseen horror
  8522 | D:12     | Noticed a four-headed hydra
  8548 | D:11     | Killed a five-headed hydra
  8595 | D:12     | Noticed Fannar
  8613 | D:12     | Killed Fannar
  8617 | D:12     | Noticed a white ugly thing
  8626 | D:12     | Killed a white ugly thing
  8637 | D:12     | Noticed Urug
  8648 | D:12     | Killed Urug
  8648 | D:12     | Reached XP level 12. HP: 102/111 MP: 9/9
  8820 | D:12     | Reached skill level 15 in Shields
  8871 | D:12     | Reached **** piety under Makhleb
 10066 | D:13     | Reached ***** piety under Makhleb
 10139 | D:13     | Noticed a centaur warrior
 10153 | D:13     | Killed a centaur warrior
 10153 | D:13     | Reached skill level 5 in Armour
 10231 | D:13     | Noticed a centaur warrior
 10241 | D:13     | Killed a centaur warrior
 10265 | D:13     | Noticed a centaur warrior
 10284 | D:13     | Killed a centaur warrior
 10325 | D:13     | Noticed a two-headed ogre
 10338 | D:13     | Reached skill level 1 in Dodging
 10342 | D:13     | Killed a two-headed ogre
 10725 | Lair:1   | Entered Level 1 of the Lair of Beasts
 10725 | Lair:1   | Noticed Harold
 10741 | Lair:1   | Killed Harold
 10752 | Lair:1   | Reached skill level 5 in Dodging
 10890 | Lair:1   | Noticed an eight-headed hydra
 10907 | Lair:1   | Killed an eight-headed hydra
 10911 | Lair:1   | Reached XP level 13. HP: 95/117 MP: 10/10
 11851 | Lair:2   | Found a hole to the Spider Nest.
 12474 | Lair:3   | Found a sacrificial altar of Ru.
 13062 | Lair:4   | Reached skill level 10 in Dodging
 13251 | Lair:4   | Identified the +5 ring mail "Ezubug" {rCorr} (You found it on level 10 of the Dungeon)
 13262 | Lair:4   | Identified the cursed +1 chain mail "Paowkuwn" {rF+ Dex+4 Slay+2} (You bought it in a shop on level 10 of the Dungeon)
 13301 | Lair:4   | Found a staircase to the Swamp.
 13777 | Lair:5   | Reached skill level 9 in Fighting
 14419 | Lair:6   | Entered Level 6 of the Lair of Beasts
 14476 | Lair:5   | Reached skill level 10 in Fighting
 14491 | Lair:6   | Gained mutation: You resist negative energy. (rN+) [Deep Dwarf growth]
 14491 | Lair:6   | Reached XP level 14. HP: 133/133 MP: 11/11
 14526 | Lair:6   | Reached ****** piety under Makhleb
 14677 | Lair:6   | Reached skill level 11 in Fighting
 14844 | Lair:6   | Found a viscous altar of Jiyva.
 14844 | Lair:6   | Found a staircase to the Slime Pits.
 15637 | Orc:1    | Entered Level 1 of the Orcish Mines
 15878 | Orc:1    | Found Xenkeame's Armour Emporium.
 15889 | Orc:1    | Bought a +2 helmet of see invisible for 344 gold pieces
 16074 | Orc:2    | Entered Level 2 of the Orcish Mines
 16270 | Orc:2    | Reached skill level 12 in Fighting
 16317 | Orc:2    | Found a staircase to the Elven Halls.
 16528 | Orc:2    | Found Suorr's Book Shop.
 16548 | Orc:2    | Found a radiant altar of Vehumet.
 16623 | Orc:2    | Found a roughly hewn altar of Beogh.
 16644 | Orc:2    | Found Joataf's Book Shop.
 16658 | Orc:2    | Found Rownip Xuqo's Magic Scroll Boutique.
 16685 | Orc:2    | Found an ancient bone altar of Kikubaaqudgha.
 16703 | Orc:2    | Found Musuf's Antique Armour Boutique.
 16711 | Orc:2    | Bought an embroidered scarf for 216 gold pieces
 16773 | Orc:2    | Bought a scroll of blinking for 112 gold pieces
 16773 | Orc:2    | Bought a scroll of enchant armour for 112 gold pieces
 16961 | D:13     | Found Suifol's Weapon Boutique.
 17111 | D:13     | Found a gate to the Vaults.
 17711 | D:14     | Reached skill level 15 in Axes
 17766 | D:14     | Reached XP level 15. HP: 144/144 MP: 12/12
 18274 | D:15     | Entered Level 15 of the Dungeon
 18290 | D:15     | Found Focuitan's Distillery.
 18315 | D:15     | Bought a potion of heal wounds for 80 gold pieces
 18315 | D:15     | Bought a potion of curing for 48 gold pieces
 18449 | D:15     | Found a staircase to the Depths.
 19259 | Swamp:1  | Entered Level 1 of the Swamp
 19324 | Swamp:1  | Noticed Roxanne
 19358 | Swamp:1  | Killed Roxanne
 19573 | Swamp:1  | Noticed Frances
 19584 | Swamp:1  | Killed Frances
 20061 | Swamp:2  | Reached XP level 16. HP: 135/154 MP: 13/13
 20157 | Swamp:2  | Reached skill level 13 in Fighting
 21524 | Swamp:4  | Entered Level 4 of the Swamp
 21524 | Swamp:4  | Noticed a thorn hunter
 21532 | Swamp:4  | Noticed a thorn hunter
 21539 | Swamp:4  | Killed a thorn hunter
 21539 | Swamp:4  | Reached skill level 14 in Fighting
 21554 | Swamp:4  | Killed a thorn hunter
 21773 | Swamp:4  | Noticed a thorn hunter
 21824 | Swamp:4  | Found an ancient bone altar of Kikubaaqudgha.
 21831 | Swamp:4  | Killed a thorn hunter
 21849 | Swamp:4  | Reached skill level 15 in Fighting
 22273 | Swamp:4  | Noticed the 27-headed Lernaean hydra
 22284 | Swamp:4  | Killed the 26-headed Lernaean hydra
 22284 | Swamp:4  | Reached skill level 16 in Fighting
 22397 | Swamp:4  | Got a decaying rune of Zot
 22446 | Swamp:4  | Reached XP level 17. HP: 112/172 MP: 14/14
 22927 | Spider:1 | Entered Level 1 of the Spider Nest
 22952 | Spider:1 | Noticed Asterion
 22975 | Spider:1 | Killed Asterion
 23027 | Spider:1 | Reached skill level 1 in Invocations
 23333 | Spider:1 | Reached skill level 5 in Invocations
 24178 | Spider:2 | Reached skill level 10 in Invocations
 24891 | Spider:3 | Reached skill level 1 in Crossbows
 24986 | Spider:4 | Entered Level 4 of the Spider Nest
 25217 | Spider:4 | Reached skill level 5 in Crossbows
 25406 | Spider:4 | Gained mutation: You passively map a large area around you. [Deep Dwarf growth]
 25406 | Spider:4 | Reached XP level 18. HP: 181/181 MP: 24/24
 26152 | Spider:4 | Got a gossamer rune of Zot
 26344 | Spider:4 | Reached skill level 10 in Crossbows
 26933 | Elf:1    | Entered Level 1 of the Elven Halls
 27887 | Elf:2    | Found Qug Lole's Book Shoppe.
 27887 | Elf:2    | Noticed Agnes
 27898 | Elf:2    | Killed Agnes
 27959 | Elf:2    | Found a runed gate.
 27959 | Elf:2    | Found a runed gate.
 27959 | Elf:2    | Found a runed gate.
 28317 | Elf:2    | Found Itagej's Jewellery Boutique.
 28317 | Elf:2    | Found Byagg's Gadget Shoppe.
 28320 | Elf:2    | Found Gopsis's Jewellery Boutique.
 28326 | Elf:2    | Bought an uncursed amulet of guardian spirit for 600 gold pieces
 28684 | Elf:2    | Reached skill level 15 in Dodging
 28920 | Elf:2    | Reached XP level 19. HP: 61/188 MP: 0/24
 29090 | Elf:3    | Entered Level 3 of the Elven Halls
 29282 | Elf:3    | Found Effourrey's Distillery.
 29298 | Elf:3    | Bought a potion of heal wounds for 90 gold pieces
 29298 | Elf:3    | Bought a potion of curing for 54 gold pieces
 29298 | Elf:3    | Bought a potion of curing for 54 gold pieces
 29298 | Elf:3    | Bought a potion of ambrosia for 144 gold pieces
 30382 | Vaults:1 | Entered Level 1 of the Vaults
 30690 | Vaults:1 | Reached skill level 1 in Evocations
 31056 | Orc:2    | Bought a book of Spatial Translocations for 975 gold pieces
 31059 | Orc:2    | Learned a level 2 spell: Blink
 31317 | Vaults:1 | Reached skill level 5 in Evocations
 32030 | Vaults:2 | Reached skill level 1 in Spellcasting
 32061 | Vaults:2 | Gained mutation: Your body sometimes deteriorates upon taking damage. [a neqoxec]
 32094 | Vaults:2 | Reached XP level 20. HP: 198/198 MP: 0/25
 32444 | Vaults:2 | Reached skill level 5 in Spellcasting
 32456 | Vaults:2 | Reached skill level 1 in Translocations
 32533 | Vaults:2 | Reached skill level 5 in Translocations
 33523 | Vaults:2 | Found a staircase to the Crypt.
 33559 | Vaults:2 | Found a runed gate.
 33559 | Vaults:2 | Found a runed gate.
 33560 | Vaults:2 | Found a runed gate.
 33560 | Vaults:2 | Noticed Kihot's ghost (adept OpAs)
 33696 | Vaults:2 | Killed Kihot's ghost
 34062 | Vaults:3 | Noticed Mennas
 34071 | Vaults:3 | Noticed Jory
 34097 | Vaults:3 | Cast into level 3 of the Abyss (Jory)
 34112 | Abyss:3  | Found a basalt altar of Yredelemnul.
 34240 | Vaults:3 | Escaped the Abyss
 34633 | Vaults:3 | Identified the cursed +0 pair of gloves of the Barber Surgeon {rElec Int+3 Dex-5} (You found it on level 3 of the Vaults)
 34650 | Vaults:3 | Reached XP level 21. HP: 187/206 MP: 1/27
 35109 | Vaults:3 | Reached skill level 17 in Fighting
 35211 | Vaults:3 | Killed Jory
 35318 | Vaults:3 | Killed Mennas
 35947 | Vaults:4 | Reached skill level 15 in Invocations
 36483 | Vaults:4 | Noticed Xtahua
 36507 | Vaults:4 | Killed Xtahua
 36920 | Vaults:4 | Reached skill level 18 in Fighting
 37512 | Depths:1 | Entered Level 1 of the Depths
 37605 | Depths:1 | Found a gateway to Hell.
 38104 | Depths:1 | Reached XP level 22. HP: 189/223 MP: 1/29
 38157 | Depths:1 | Found a runed gate.
 38157 | Depths:1 | Found a runed gate.
 38157 | Depths:1 | Found a runed gate.
 38157 | Depths:1 | Found a runed gate.
 38157 | Depths:1 | Found a runed gate.
 38157 | Depths:1 | Found a runed gate.
 38158 | Depths:1 | Found the +2 Maxwell's thermic engine {flame, freeze}
 38592 | Depths:1 | Reached skill level 19 in Fighting
 38763 | Depths:2 | Noticed the Enchantress
 38773 | Depths:2 | HP: 2/224 [spriggan defender/flail of holy wrath[the Enchantress] (19)]
 38773 | Depths:2 | Killed from afar by a sphinx

Skill      XL: |  1  2  3  4  5  6  7  8  9 10 11 12 13 14 15 16 17 18 19 20 21 22 |
---------------+-------------------------------------------------------------------+-----
Axes           | 3 4 5 7 8 10 12 15 18 | 18.0
Fighting       | 4 8 10 12 16 18 19 | 19.1
Shields        | 5 11 14 16 | 16.1
Armour         | 7 9 |  9.1
Dodging        | 6 11 15 18 | 18.1
Invocations    | 12 15 | 15.2
Crossbows      | 7 10 | 10.0
Evocations     | 8 |  8.2
Spellcasting   | 3 7 |  7.0
Translocations | 9 |  9.2
Maces & Flails | |  0.7

Action                   |  1- 3 |  4- 6 |  7- 9 | 10-12 | 13-15 | 16-18 | 19-21 | 22-24 || total
-------------------------+-------+-------+-------+-------+-------+-------+-------+-------++-------
Melee: War axe           |   151 |   167 |   286 |   633 |  1104 |  1507 |  1979 |   169 ||  5996
       Flail             |       |       |       |    10 |    53 |    88 |       |       ||   151
 Fire: Hand crossbow     |       |       |       |       |       |   130 |     8 |       ||   138
 Cast: Blink             |       |       |       |       |       |       |     1 |       ||     1
Invok: Lesser Servant of |       |       |       |       |       |    10 |       |       ||    10
       Minor Destruction |       |       |       |       |       |       |     1 |       ||     1
       Greater Servant o |       |       |       |       |       |       |     2 |       ||     2
 Abil: Heal Wounds       |       |     6 |     4 |     2 |       |     3 |    10 |    24 ||    49
Evoke: Wand              |       |       |     6 |    42 |     7 |     5 |     5 |       ||    65
       Sack of spiders   |       |       |       |       |     2 |     6 |       |       ||     8
  Use: Scroll            |     6 |    11 |     9 |    10 |    13 |     7 |    21 |     2 ||    79
       Potion            |       |     3 |    10 |     7 |     4 |    22 |    12 |     4 ||    62
 Stab: Invisible         |       |       |       |     9 |     7 |     2 |       |       ||    18
       Distracted        |       |       |       |       |     1 |     7 |       |       ||     8
       Confused          |       |       |       |       |       |     3 |       |       ||     3
  Eat: Ration            |     1 |     1 |     5 |     4 |     8 |     8 |     8 |       ||    35
       Chunk             |       |       |       |       |     5 |     4 |     4 |       ||    13
Armor: Scale mail        |    78 |    78 |    30 |       |       |       |       |       ||   186
       Chain mail        |       |       |    61 |   202 |   262 |   569 |   195 |    24 ||  1313
       Skin              |       |       |       |       |       |    26 |       |       ||    26
Dodge: Dodged            |    74 |    52 |    44 |   119 |   450 |   898 |   738 |    70 ||  2445
Block: Shield            |    88 |    97 |   179 |   536 |  1037 |  1652 |  1444 |   131 ||  5164
